 Dungeon Crawl Stone Soup version 0.18-a0-1370-gc45fe74 (webtiles) character file.

45 pekapeka the Insei (level 3, 17/24 HPs)
             Began as an Octopode Transmuter on Feb 21, 2016.
             Quit the game on level 2 of the Dungeon.
             The game lasted 00:01:49 (1093 turns).

pekapeka the Insei (Octopode Transmuter)            Turns: 1093, Time: 00:01:49

Health: 17/24      AC:  1    Str:  9    XL:     3   Next: 64%
Magic:  6/6        EV: 12    Int: 16    God:
Gold:   84         SH:  0    Dex: 12    Spells: 1 memorised, 5 levels left

rFire  . . .     SeeInvis .       - Unarmed
rCold  . . .     Gourm    .     (no shield)
rNeg   . . .     Faith    .     (helmet restricted)
rPois  .         Spirit   .     (no amulet)
rElec  .         Dismiss  .     (no ring)
rCorr  .         Reflect  .     (no ring)
SustAt .         Harm     .     (no ring)
MR     .....                    (no ring)
Stlth  ++........               (no ring)
                                (no ring)
                                (no ring)
                                (no ring)

@: not resistant to hostile enchantments, unstealthy
A: almost no armour, amphibious, 8 rings, constrict 8, camouflage 1, gelatinous
body 1
a: no special abilities


You were on level 2 of the Dungeon.
You were hungry.

You visited 1 branch of the dungeon, and saw 2 of its levels.

You collected 84 gold pieces.

Inventory:

Missiles
 a - 31 arrows
Jewellery
 g - a cursed amulet of inaccuracy {unknown}
   (You found it on level 1 of the Dungeon)
Scrolls
 d - a scroll of enchant weapon {unknown}
 e - a scroll of amnesia {unknown}
 f - 2 scrolls of identify {unknown}
 h - a scroll of noise {unknown}
 i - a scroll of random uselessness {unknown}
Potions
 k - 2 potions of resistance {unknown}
Books
 b - a book of Changes
Comestibles
 c - a bread ration {@e1}
 j - 5 fruits


   Skills:
 + Level 1.7 Fighting
 + Level 2.3 Dodging
 * Level 3.4 Unarmed Combat
 + Level 2.1 Spellcasting
 + Level 2.6 Transmutations


You had 5 spell levels left.
You knew the following spells:

 Your Spells              Type           Power        Failure   Level  Hunger
a - Beastly Appendage     Trmt           ##....       10%         1    #......


Dungeon Overview and Level Annotations

Branches:
Dungeon (2/15)

Altars:


Innate Abilities, Weirdness & Mutations

You cannot wear most types of armour.
You are amphibious.
You can wear up to eight rings at the same time.
You can use your tentacles to constrict eight enemies at once.
Your skin changes colour to match your surroundings (Stealth).
Your rubbery body absorbs attacks (AC +1).


Message History

A goblin is nearby!
A goblin is nearby!
The goblin shouts!
A ball python comes into view.
You bludgeon the goblin!
You kill the goblin!
You see here a goblin corpse.
You completely miss the ball python. You grab the ball python.
You squeeze the ball python.
You kill the ball python!
No target in view!
You now have 59 gold pieces (gained 10).
a - 31 arrows (gained 19)
You now have 67 gold pieces (gained 8).
Found a stone staircase leading up.
You regained 3 hp, and now have 22/24 hp.
A giant newt and a rat come into view.
There are monsters nearby!
There are monsters nearby!
There are monsters nearby!
The giant newt bites you but does no damage.
You closely miss the giant newt. Your grab misses the giant newt.
The giant newt bites you.
You take 2 damage, and have 20/24 hp.
You tentacle-slap the giant newt.
You kill the giant newt!
No target in view!
No target in view!
A giant gecko comes into view.
A giant gecko is nearby!
A giant gecko is nearby!
Found a faded altar to an unknown god.
You barely miss the rat. Your grab misses the rat. Your squeeze misses the rat.
The rat bites you but does no damage.
You barely miss the rat. Your grab misses the rat. Your squeeze misses the rat.
The rat misses you.
You barely miss the giant gecko. Your grab misses the giant gecko.
You squeeze the giant gecko. The giant gecko bites you. The rat bites you.
You take 4 damage, and have 17/24 hp.
You closely miss the giant gecko. You grab the giant gecko.
You constrict the giant gecko.
You kill the giant gecko!
The rat closely misses you.
You tentacle-slap the rat.
You kill the rat!
No target in view!
No target in view!
No target in view!
A giant cockroach comes into view.
A giant cockroach is nearby!
A giant cockroach is nearby!
A giant cockroach is nearby!
A rat comes into view.
There are monsters nearby!
You are feeling hungry.
The giant cockroach bites you.
You take 1 damage, and have 16/24 hp.
You tentacle-slap the giant cockroach but do no damage.
Your grab misses the giant cockroach. The giant cockroach bites you.
You take 2 damage, and have 14/24 hp.
You are too injured to fight recklessly!
You are too injured to fight recklessly!
You are too injured to fight recklessly!
Unknown command.
You are too injured to fight recklessly!
You are too injured to fight recklessly!
You tentacle-slap the giant cockroach. You grab the giant cockroach.
You constrict the giant cockroach.
You kill the giant cockroach!
A goblin comes into view. It is wielding a club.
You see here a giant cockroach corpse.
You tentacle-slap the rat.
You kill the rat!
You see here a giant cockroach corpse.
You see here a giant cockroach corpse.
A bat comes into view.
Found a stone staircase leading up.
You closely miss the goblin. Your grab misses the goblin.
The goblin misses you.
You closely miss the goblin. You grab the goblin. You squeeze the goblin.
You kill the goblin!
You see here a club.
You barely miss the bat. You grab the bat. You constrict the bat.
The bat misses you.
The bat struggles to escape constriction.
You tentacle-slap the bat but do no damage.
You constrict the bat. The bat hits you.
The bat struggles to escape constriction. x2
You tentacle-slap the bat.
You kill the bat!
You take 1 damage, and have 14/24 hp.
You see here a bat corpse.
You see here a bat corpse.
You see here a club.
You now have 70 gold pieces (gained 3).
k - 2 metallic cyan potions You see here a whip.
You now have 84 gold pieces (gained 14).
A rat comes into view.
You regained 2 hp, and now have 17/24 hp.

#............##..........##
##..#......†...)..†.......#
#..#...................#.#
##.#...........+.......#
###.....)...............#
..#..##....##..r..........
..#..##.#..##.##.########..
..#...#.#..##.#..# .
..#.#.#.#...<.#.@#.#
..#.#...#..........#
..#.........#.##.###
###.##..###.#...... #
#...#......###....# #
#.#.#..##..# #....#
###.#.##.###.. #....#
......# .. ... .....#
......# #.###


You could see a rat (wandering).

Vanquished Creatures
  2 oozes (D:1)
  4 giant geckos
  2 bats
  A giant cockroach (D:2)
  5 goblins
  4 hobgoblins (D:1)
  A ball python (D:2)
  3 giant newts
  5 kobolds (D:1)
  4 rats
31 creatures vanquished.

Notes
Turn   | Place    | Note
--------------------------------------------------------------
     0 | D:1      | pekapeka the Octopode Transmuter began the quest for the Orb.
     0 | D:1      | Reached XP level 1. HP: 13/13 MP: 3/3
    91 | D:1      | Reached XP level 2. HP: 8/18 MP: 5/5
    92 | D:1      | HP: 4/18 [hobgoblin/club (4)]
   419 | D:1      | Reached XP level 3. HP: 10/23 MP: 4/6
   423 | D:1      | HP: 3/23 [goblin (4)]
  1027 | D:2      | Found a faded altar to an unknown god.
  1093 | D:2      | Quit the game

Vault maps used:
D:1:      roderic_dead_forest
D:2:      ecumenical_altar_2, hex_tiny, dk_noncrumbling_3

Action                   || total
-------------------------++-------
Melee: Unarmed           ||    76
 Cast: Beastly Appendage ||     5
 Stab: Sleeping          ||     2

Vault maps used:
D:1:      roderic_dead_forest
D:2:      ecumenical_altar_2, hex_tiny, dk_noncrumbling_3

Table legend:
 A = Turns spent in this place as a percentage of turns spent in the entire game.
 B = Non-inter-level travel turns spent in this place as a percentage of non-inter-level travel turns spent in the entire game.
 C = Inter-level travel turns spent in this place as a percentage of turns spent in this place.
 D = Turns resting spent in this place as a percentage of non-inter-level travel turns spent in this place.
 E = Turns spent auto-exploring this place as a percentage of non-inter-level travel turns spent in this place.
 F = Non-inter-level travel turns spent in this place divided by the number of levels of this place that you've seen.
                   A       B       C       D       E      F
               +-------+-------+-------+-------+-------+----------------------
         Total | 100.0 | 100.0 |   0.3 |   2.5 |   9.8 | 163.0
       Dungeon | 100.0 | 100.0 |   0.3 |   2.5 |   9.8 | 163.0
               +-------+-------+-------+-------+-------+----------------------

Table legend:
 A = Kills in this place as a percentage of kills in entire the game.
 B = Kills by you in this place as a percentage of kills by you in the entire game.
 C = Kills by friends in this place as a percentage of kills by friends in the entire game.
 D = Other kills in this place as a percentage of other kills in the entire game.
 E = Experience gained in this place as a percentage of experience gained in the entire game.
 F = Experience gained in this place divided by the number of levels of this place that you have seen.
                   A       B       C       D       E      F
               +-------+-------+-------+-------+-------+----------------------
         Total | 100.0 | 100.0 |  -nan |  -nan | 100.0 |  32.5
       Dungeon | 100.0 | 100.0 |  -nan |  -nan | 100.0 |  32.5
               +-------+-------+-------+-------+-------+----------------------
